 Dungeon Crawl Stone Soup version 0.21-a0-225-g207ae17 (webtiles) character file.

151 tof the Digger (level 5, -6/30 HPs)
             Began as a Gargoyle Earth Elementalist on Aug 29, 2017.
             Killed from afar by Natasha (9 damage)
             ... with a magic dart
             ... on level 2 of the Dungeon.
             The game lasted 00:10:32 (2577 turns).

tof the Digger (Gargoyle Earth Elementalist)        Turns: 2577, Time: 00:10:33

Health: -6/30      AC:  6    Str: 11    XL:     5   Next: 33%
Magic:  8/8        EV: 12    Int: 17    God:
Gold:   73         SH:  0    Dex: 10    Spells: 7/8 levels left

rFire    . . .     SeeInvis .   (no weapon)
rCold    . . .     Gourm    .   (no shield)
rNeg     + . .     Faith    .   c - +0 robe
rPois    ∞         Spirit   .   (no helmet)
rElec    +         Reflect  .   (no cloak)
rCorr    .         Harm     .   (no gloves)
MR       .....                  (no boots)
Stlth    ++........             (no amulet)
HPRegen  0.10/turn              (no ring)
MPRegen  0.11/turn              (no ring)

@: no status effects
A: negative energy resistance 1, electricity resistance, unbreathing,
petrification resistance, rot immunity, AC +4
a: no special abilities


You were on level 2 of the Dungeon.
You were hungry.

You visited 1 branch of the dungeon, and saw 2 of its levels.

You collected 73 gold pieces.

Inventory:

Missiles
 l - 8 poisoned needles
Armour
 c - a +0 robe (worn)
Scrolls
 f - a scroll of amnesia {unknown}
 g - a scroll of teleportation {unknown}
 i - 2 scrolls of identify {unknown}
 j - 2 scrolls of remove curse {unknown}
Potions
 b - a potion of curing {unknown}
 m - a potion of cancellation {unknown}
Books
 e - a book of Geomancy

   Spells                             Type                      Level
   a - Sandblast                      Earth                        1
   b - Passwall                       Transmutation/Earth          2
   c - Stone Arrow                    Conjuration/Earth            3
   d - Petrify                        Transmutation/Earth          4
   e - Lee's Rapid Deconstruction     Earth                        5
Comestibles
 d - a bread ration
 h - a royal jelly


   Skills:
 + Level 1.9 Fighting
 * Level 2.5 Dodging
 + Level 3.2 Stealth
 + Level 2.3 Spellcasting
   Level 0.7 Transmutations
 * Level 5.0 Earth Magic


You had 7 spell levels left.
You knew the following spells:

 Your Spells              Type           Power        Failure   Level  Hunger
a - Sandblast             Erth           ###...       2%          1    #......


Dungeon Overview and Level Annotations

Branches:
Dungeon (2/15)

Altars:
Dithmenos

Annotations:
D:2 Natasha, Terence


Innate Abilities, Weirdness & Mutations

You are resistant to torment.
Your stone body is resilient. (AC +4)
You are immune to poison.
You resist negative energy. (rN+)
You are resistant to electric shocks. (rElec)
You can survive without breathing.
You are immune to petrification.
You are immune to rotting.


Message History

Natasha is moderately wounded.
Terence hits you but does no damage. Natasha casts a spell at you.
The magic dart hits you!
* * * LOW HITPOINT WARNING * * *
You closely miss Natasha.
Natasha is moderately wounded.
Terence hits you with a flail of draining.
* * * LOW HITPOINT WARNING * * *
Natasha casts a spell.
You barely miss Natasha.
Natasha is moderately wounded.
Terence closely misses you. Natasha barely misses you.
You hit Natasha.
Natasha is moderately wounded.
Terence screams, "I'm going to kill you!"
Terence closely misses you.
Natasha stares at you and mumbles some strange words.
The magic dart hits you!
You die...

#.#.#####.........
#.#.....#.####.###
#.#.###.#.# #.#
#.#.# #.#.# #.###
#.#)# #.#.# #....
#.#.# #.#.########
#.#.###.#.........
#@#...#.##########
#@###.#.#
#h###.#.# ###
#55...#.# #<#
#######.# #.# #.#
#.# #.# #.# #.#
#.# #.#######.#
#.........#


You could see Terence, an iron imp, Natasha and a crimson imp.

Vanquished Creatures
  Natasha (D:2)
  Robin (D:2)
  5 adders (D:2)
  An ooze (D:1)
  2 worms (D:2)
  A dart slug (D:1)
  8 bats
  A giant cockroach (D:1)
  11 goblins
  8 hobgoblins
  A quokka (D:2)
  A ball python (D:1)
  5 frilled lizards
  10 kobolds
  4 rats
60 creatures vanquished.

Notes
Turn   | Place    | Note
-------+----------+-------------------------------------------
     0 | D:1      | tof the Gargoyle Earth Elementalist began the quest for the Orb.
     0 | D:1      | Reached XP level 1. HP: 10/10 MP: 3/3
   174 | D:1      | Reached XP level 2. HP: 10/15 MP: 1/5
   568 | D:1      | Reached skill level 4 in Earth Magic
   948 | D:1      | Reached XP level 3. HP: 20/20 MP: 4/6
  1169 | D:2      | Reached skill level 1 in Fighting
  1284 | D:2      | Noticed Natasha
  1291 | D:2      | Killed Natasha
  1291 | D:2      | Reached XP level 4. HP: 14/25 MP: 2/7
  1821 | D:2      | Found a shadowy altar of Dithmenos.
  2003 | D:2      | Reached XP level 5. HP: 17/30 MP: 4/8
  2157 | D:2      | Noticed Robin
  2192 | D:2      | Killed Robin
  2192 | D:2      | Reached skill level 5 in Earth Magic
  2350 | D:2      | Noticed Terence
  2564 | D:2      | Noticed Natasha
  2577 | D:2      | Killed from afar by Natasha

Vault maps used:
D:1:      dpeg_arrival_stone_temple_mockup, nrook_loot_triangle
D:2:      minmay_kobold_bridge, nicolae_dithmenos_shadow_blocks, uniq_terence,
          uniq_robin, uniq_natasha

Skill      XL: |  1  2  3  4  5 |
---------------+----------------+-----
Earth Magic    | 4 5 |  5.0
Dodging        | 2 |  2.5
Fighting       | 1 |  1.9
Stealth        | 3 |  3.2
Spellcasting   | |  2.3
Transmutations | |  0.7

Action                   |  1- 3 |  4- 6 || total
-------------------------+-------+-------++-------
Melee: Unarmed           |    83 |    73 ||   156
 Cast: Sandblast         |    31 |    59 ||    90
 Stab: Sleeping          |     1 |     1 ||     2
  Eat: Chunk             |     2 |     4 ||     6
Armor: Robe              |    54 |    36 ||    90
Dodge: Dodged            |    94 |    65 ||   159

Table legend:
 A = Spawn XP
 B = Non-spawn XP
 C = Spawn XP percentage of total XP
 D = Spawn monster count
 E = Non-spawn monster count
 F = Spawn count percentage of total count
 G = Total turns spent on level
                    A         B        C        D         E        F      G
               +---------+---------+-------+---------+---------+-------+---------
         Total |      22 |     194 |  10.2 |       5 |      55 |   8.3 |  2577
               +---------+---------+-------+---------+---------+-------+---------
           D:1 |       2 |      33 |   5.7 |       1 |      17 |   5.6 |  1051
           D:2 |      20 |     161 |  11.0 |       4 |      38 |   9.5 |  1526
               +---------+---------+-------+---------+---------+-------+---------
